 Dungeon Crawl Stone Soup version 0.20.0-15-g7f486f2 (webtiles) character file.

23 blackwizard the Charmwright (level 2, -1/27 HPs)
             Began as a Troll Skald on June 15, 2017.
             Slain by an adder (5 damage)
             ... on level 1 of the Dungeon.
             The game lasted 00:06:25 (1033 turns).

blackwizard the Charmwright (Troll Skald)           Turns: 1033, Time: 00:06:25

Health: -1/27      AC:  7    Str: 18    XL:     2   Next: 75%
Magic:  1/3        EV: 10    Int:  9    God:
Gold:   58         SH:  0    Dex:  9    Spells: 3/4 levels left

rFire    . . .     SeeInvis +   a - +0 falchion
rCold    . . .     Gourm    +   (no shield)
rNeg     . . .     Faith    .   b - +0 robe
rPois    .         Spirit   .   g - +2 hat
rElec    .         Reflect  .   (no cloak)
rCorr    .         Harm     .   (gloves unavailable)
MR       .....                  (boots unavailable)
Stlth    +.........             (no amulet)
Regen    0.5/turn               n - ring of see invisible
MPRegen  0.1/turn               (no ring)

@: lethally poisoned (-1 -> -1), infused
A: unfitting armour, claws 3, fast metabolism 3, gourmand, regeneration 1,
shaggy fur 1, tough skin 2
a: no special abilities


You were on level 1 of the Dungeon.
You were not hungry.

You visited 1 branch of the dungeon, and saw 2 of its levels.

You collected 58 gold pieces.

Inventory:

Hand Weapons
 a - a +0 falchion (weapon)
Missiles
 f - 74 stones (quivered)
Armour
 b - a +0 robe (worn)
 g - a +2 hat (worn)
Jewellery
 n - a ring of see invisible (left claw)
Scrolls
 e - 2 scrolls of teleportation {unknown}
 h - 2 scrolls of fog {unknown}
 i - a scroll of recharging {unknown}
 j - a scroll of identify {unknown}
 m - a scroll of fear {unknown}
 p - a scroll of amnesia {unknown}
Potions
 k - a potion of agility {unknown}
 l - a potion of mutation {unknown}
Books
 c - a book of Battle

   Spells                             Type                      Level
   a - Infusion                       Charms                       1
   b - Shroud of Golubria             Charms/Translocation         2
   c - Song of Slaying                Charms                       2
   d - Spectral Weapon                Hexes/Charms                 3
   e - Regeneration                   Charms/Necromancy            3
Comestibles
 d - a bread ration
 o - a royal jelly


   Skills:
 + Level 1.5 Fighting
 + Level 1.7 Long Blades
 + Level 2.1 Dodging
 + Level 1.5 Spellcasting
 + Level 2.3 Charms


You had 3 spell levels left.
You knew the following spells:

 Your Spells              Type           Power        Failure   Level  Hunger
a - Infusion              Chrm           #...         14%         1    ##.....


Dungeon Overview and Level Annotations

Branches:
Dungeon (2/15)

Altars:


Innate Abilities, Weirdness & Mutations

You are too large for most types of armour.
You have claws for hands.
Your metabolism is lightning-fast.
You like to eat raw meat.
Your natural rate of healing is unusually fast.
You are covered in fur. (AC +1)
You have very tough skin. (AC +2)


Message History

You feel sick. The adder closely misses you.
You riposte.
You closely miss the adder.
The adder is moderately wounded.
You closely miss the adder.
The adder is moderately wounded.
You feel sick. The adder misses you.
You riposte.
You hit the adder but do no damage.
The adder is moderately wounded.
The adder bites you.
* * * LOW HITPOINT WARNING * * *
You feel sick. The adder closely misses you.
You riposte.
You hit the adder.
The adder is heavily wounded.
You climb upwards.
You feel sick.
There is a stone staircase leading down here.
You feel sick.
You feel sick. The adder bites you but does no damage.
You feel sick.
You see here a mace.
You feel sick. The adder bites you.
You die...

## .# ########## ########
.####........############......##
................@S)...>).........
.####.........########.##......##
.# ##########.# #......#......#
.# #.......##.# #......########
.# #.......##.# #......#
.###.......##.# #####.##
..รท........##.# #.#
####.......##.# #.# ## ##
#.......##.# ##.#### ...


You could see an adder.

Vanquished Creatures
  2 bats (D:1)
  3 giant cockroaches (D:1)
  4 goblins (D:1)
  A hobgoblin (D:1)
  4 jackals (D:1)
  3 kobolds
  2 rats (D:1)
19 creatures vanquished.

Notes
Turn   | Place    | Note
-------+----------+-------------------------------------------
     0 | D:1      | blackwizard the Troll Skald began the quest for the Orb.
     0 | D:1      | Reached XP level 1. HP: 19/19 MP: 1/1
   297 | D:1      | Reached XP level 2. HP: 27/27 MP: 3/3
  1033 | D:1      | Slain by an adder

Skill      XL: |  1 |
---------------+----+-----
Dodging        | 2 |  2.1
Fighting       | |  1.5
Long Blades    | |  1.7
Spellcasting   | |  1.5
Charms         | |  2.3

Action                   || total
-------------------------++-------
Melee: Falchion          ||    84
 Cast: Infusion          ||     7
  Eat: Chunk             ||     5
       Bread ration      ||     1
Armor: Robe              ||    57
Dodge: Dodged            ||    77
       Rpst.: Falchion   ||    28
